TOP OF THE 1ST |
Oklahoma Sooners batting - Pitching for Michigan Wolverines : RHP Bryce Morgan
|
Pitching: RHP Bryce Morgan
|
|
Batting: SHB Ryan Holcomb
|
0-0: Foul Ball, location: 2F 0-1: Ball 1-1: Ball 2-1: Called Strike 2-2: Fly out, F6 (Popup, 6)
|
Batting: RHB José Ramos
|
0-0: Called Strike 0-1: Ball 1-1: Swinging Strike 1-2: Ball 2-2: SINGLE (Line Drive, 6MD)
|
Batting: SHB César Álvarez
|
0-0: Called Strike 0-1: Ground out 4-3 (Groundball, 4S) José Ramos to second
|
Batting: RHB Sidney Boyd
|
0-0: Ball 1-0: Fly out, F2 (Popup, 25F)
|
Top of the 1st over - 0 run(s), 1 hit(s), 0 error(s), 1 left on base; Oklahoma 0 - Michigan 0 |
BOTTOM OF THE 1ST |
Michigan Wolverines batting - Pitching for Oklahoma Sooners : RHP Ken Tabb
|
Pitching: RHP Ken Tabb
|
|
Batting: RHB Mark Brewer
|
0-0: Hit by Pitch
|
Batting: RHB Bryan Koonts
|
0-0: Called Strike Mark Brewer steals 2nd base 0-1: TRIPLE (Flyball, 8LM) Mark Brewer scores
|
Batting: RHB Bill Davis
|
0-0: Ball 1-0: Called Strike 1-1: Ball 2-1: 2-RUN HOME RUN (Flyball, 9D), Distance : 362 ft
|
Batting: RHB Danny Chávez
|
0-0: Ball 1-0: Ball 2-0: SINGLE (Groundball, 4MD)
|
Batting: RHB Jake Brown
|
0-0: Foul Ball, location: 2F 0-1: Foul Ball, location: 2F 0-2: Grounds into double play, 6-4-3 (Groundball, 6)
|
Batting: RHB Larry Rice
|
0-0: Ball 1-0: Ball 2-0: SINGLE (Line Drive, 34)
|
Batting: LHB Danny Taylor
|
0-0: Ball 1-0: Ball 2-0: SINGLE (Line Drive, 78S) Larry Rice to second
|
Batting: SHB Dan Baldwin
|
0-0: Ball 1-0: Ball 2-0: Called Strike 2-1: DOUBLE (Groundball, 5L) Larry Rice scores Danny Taylor to third
|
Batting: RHB Mel Wells
|
0-0: Fly out, F5 (Popup, 25F)
|
Bottom of the 1st over - 4 run(s), 6 hit(s), 0 error(s), 2 left on base; Oklahoma 0 - Michigan 4 |
TOP OF THE 2ND |
Oklahoma Sooners batting - Pitching for Michigan Wolverines : RHP Bryce Morgan
|
Batting: RHB Rafael Barajas
|
0-0: Called Strike 0-1: Swinging Strike 0-2: Strikes out looking
|
Batting: RHB Martín Rodríguez
|
0-0: Ball 1-0: Foul Ball, location: 2F 1-1: SINGLE (Line Drive, 3D)
|
Batting: LHB Larry Wright
|
0-0: Ball 1-0: Foul Ball, location: 2F 1-1: Called Strike 1-2: Strikes out swinging
|
Batting: RHB Scott Williams
|
0-0: Ball 1-0: Called Strike 1-1: 2-RUN HOME RUN (Line Drive, 78XD), Distance : 380 ft
|
Batting: LHB Tristan Sims
|
0-0: Foul Ball, location: 2F 0-1: Foul Ball, location: 2F 0-2: Ball 1-2: Strikes out swinging
|
Top of the 2nd over - 2 run(s), 2 hit(s), 0 error(s), 0 left on base; Oklahoma 2 - Michigan 4 |
BOTTOM OF THE 2ND |
Michigan Wolverines batting - Pitching for Oklahoma Sooners : RHP Ken Tabb
|
Batting: RHB Mark Brewer
|
0-0: Ball 1-0: Ball 2-0: Called Strike 2-1: Swinging Strike 2-2: Ball 3-2: Foul Ball, location: 2F 3-2: Base on Balls
|
Batting: RHB Bryan Koonts
|
0-0: Ball 1-0: Called Strike 1-1: Ball 2-1: Grounds into double play, 6-4-3 (Groundball, 6)
|
Batting: RHB Bill Davis
|
0-0: Ball 1-0: Called Strike 1-1: Ball 2-1: Swinging Strike 2-2: Foul Ball, location: 2F 2-2: Fly out, F8 (Flyball, 8RM)
|
Bottom of the 2nd over - 0 run(s), 0 hit(s), 0 error(s), 0 left on base; Oklahoma 2 - Michigan 4 |
TOP OF THE 3RD |
Oklahoma Sooners batting - Pitching for Michigan Wolverines : RHP Bryce Morgan
|
Batting: SHB Ryan Holcomb
|
0-0: Called Strike 0-1: Ball 1-1: Ground out 6-3 (Groundball, 6M)
|
Batting: RHB José Ramos
|
0-0: SINGLE (Line Drive, 8RS)
|
Batting: SHB César Álvarez
|
0-0: Called Strike 0-1: Ball 1-1: Ball 2-1: 2-RUN HOME RUN (Flyball, 89XD), Distance : 366 ft
|
Batting: RHB Sidney Boyd
|
0-0: Fly out, F8 (Popup, 8LS)
|
Batting: RHB Rafael Barajas
|
0-0: Ball 1-0: Fly out, F5 (Line Drive, 56)
|
Top of the 3rd over - 2 run(s), 2 hit(s), 0 error(s), 0 left on base; Oklahoma 4 - Michigan 4 |
BOTTOM OF THE 3RD |
Michigan Wolverines batting - Pitching for Oklahoma Sooners : RHP Ken Tabb
|
Batting: RHB Danny Chávez
|
0-0: Fly out, F8 (Flyball, 8LM)
|
Batting: RHB Jake Brown
|
0-0: Ball 1-0: Ball 2-0: Ground out 2-3 (Groundball, 2L)
|
Batting: RHB Larry Rice
|
0-0: Ball 1-0: SINGLE (Groundball, 56)
|
Batting: LHB Danny Taylor
|
0-0: Foul Ball, location: 2F 0-1: Fly out, F6 (Popup, 6D)
|
Bottom of the 3rd over - 0 run(s), 1 hit(s), 0 error(s), 1 left on base; Oklahoma 4 - Michigan 4 |
TOP OF THE 4TH |
Oklahoma Sooners batting - Pitching for Michigan Wolverines : RHP Bryce Morgan
|
Batting: RHB Martín Rodríguez
|
0-0: Ball 1-0: Swinging Strike 1-1: Ball 2-1: Foul Ball, location: 2F 2-2: Foul Ball, location: 2F 2-2: Foul Ball, location: 2F 2-2: Strikes out swinging
|
Batting: LHB Larry Wright
|
0-0: Ball 1-0: Swinging Strike 1-1: Foul Ball, location: 2F 1-2: Ball 2-2: SINGLE (Groundball, 34D)
|
Batting: RHB Scott Williams
|
0-0: Ball 1-0: Called Strike 1-1: Reached on error, E5 (Groundball, 56) Larry Wright to second
|
Batting: LHB Tristan Sims
|
0-0: Ball 1-0: Ball 2-0: Foul Ball, location: 2F 2-1: Ball 3-1: Fly out, F9 (Flyball, 9M) Runner from 2nd tags up, SAFE at 3rd with throw
|
Batting: SHB Ryan Holcomb
|
0-0: Ball 1-0: Ball 2-0: Ball 3-0: Base on Balls Scott Williams to second
|
Batting: RHB José Ramos
|
0-0: Called Strike 0-1: GRAND SLAM HOME RUN (Flyball, 7D), Distance : 370 ft
|
Pitching: LHP Paul Jones
|
|
Batting: SHB César Álvarez
|
0-0: Ball 1-0: Ball 2-0: SINGLE (Groundball, 34)
|
Batting: RHB Sidney Boyd
|
0-0: Ball 1-0: Ball 2-0: Foul Ball, location: 2F 2-1: Foul Ball, location: 2F 2-2: Ball César Álvarez steals 2nd base 3-2: Base on Balls
|
Batting: RHB Rafael Barajas
|
0-0: Ball 1-0: Foul Ball, location: 2F 1-1: Swinging Strike 1-2: Ball 2-2: Fly out, F9 (Flyball, 89D)
|
Top of the 4th over - 4 run(s), 3 hit(s), 1 error(s), 2 left on base; Oklahoma 8 - Michigan 4 |
BOTTOM OF THE 4TH |
Michigan Wolverines batting - Pitching for Oklahoma Sooners : RHP Ken Tabb
|
Batting: SHB Dan Baldwin
|
0-0: Foul Ball, location: 2F 0-1: Swinging Strike 0-2: Ball 1-2: Ball 2-2: Ball 3-2: Strikes out looking
|
Batting: RHB Mel Wells
|
0-0: Ball 1-0: Ball 2-0: SINGLE (Line Drive, 56D)
|
Batting: RHB Mark Brewer
|
Pickoff Throw to First - Error! E1 Mel Wells to second 0-0: Ball Mel Wells is caught stealing 3rd base 1-0: Foul Ball, location: 2F 1-1: Swinging Strike 1-2: Ball 2-2: Foul Ball, location: 2F 2-2: Ground out 4-3 (Groundball, 4)
|
Bottom of the 4th over - 0 run(s), 1 hit(s), 1 error(s), 0 left on base; Oklahoma 8 - Michigan 4 |
TOP OF THE 5TH |
Oklahoma Sooners batting - Pitching for Michigan Wolverines : LHP Paul Jones
|
Batting: RHB Martín Rodríguez
|
0-0: Swinging Strike 0-1: Called Strike 0-2: Ball 1-2: SINGLE (Line Drive, 8RS)
|
Batting: LHB Larry Wright
|
0-0: Called Strike 0-1: Ball 1-1: Called Strike 1-2: Strikes out swinging
|
Batting: RHB Scott Williams
|
0-0: Grounds into double play, 6-4-3 (Groundball, 6)
|
Top of the 5th over - 0 run(s), 1 hit(s), 0 error(s), 0 left on base; Oklahoma 8 - Michigan 4 |
BOTTOM OF THE 5TH |
Michigan Wolverines batting - Pitching for Oklahoma Sooners : RHP Ken Tabb
|
Batting: RHB Bryan Koonts
|
0-0: Ball 1-0: Called Strike 1-1: Swinging Strike 1-2: Hit by Pitch
|
Batting: RHB Bill Davis
|
0-0: Grounds into double play, 1-6-3 (Groundball, 15)
|
Batting: RHB Danny Chávez
|
0-0: Ball 1-0: Called Strike 1-1: Swinging Strike 1-2: Strikes out swinging
|
Bottom of the 5th over - 0 run(s), 0 hit(s), 0 error(s), 0 left on base; Oklahoma 8 - Michigan 4 |
TOP OF THE 6TH |
Oklahoma Sooners batting - Pitching for Michigan Wolverines : LHP Paul Jones
|
Batting: LHB Tristan Sims
|
0-0: Foul Ball, location: 2F 0-1: Called Strike 0-2: Strikes out looking
|
Batting: SHB Ryan Holcomb
|
0-0: Ball 1-0: Called Strike 1-1: Ball 2-1: Foul Ball, location: 2F 2-2: Fly out, F2 (Popup, 2RF)
|
Batting: RHB José Ramos
|
0-0: SINGLE (Line Drive, 4D)
|
Batting: SHB César Álvarez
|
0-0: Called Strike 0-1: Called Strike 0-2: Ball 1-2: Ball 2-2: Strikes out swinging
|
Top of the 6th over - 0 run(s), 1 hit(s), 0 error(s), 1 left on base; Oklahoma 8 - Michigan 4 |
BOTTOM OF THE 6TH |
Michigan Wolverines batting - Pitching for Oklahoma Sooners : RHP Ken Tabb
|
Batting: RHB Jake Brown
|
0-0: Ball
|
|
|
Monday, December 5th, 2016 - OOTP Baseball 17.12 Build 75
|
|